[Event "ICC tourney 2533 (25 5)"]
[Site "Internet Chess Club"]
[Date "2021.04.25"]
[Round "6"]
[White "LIN, SYLVIA:K09-16713708"]
[Black "BERGSTEDT, SAWYER:K09-16355805"]
[Result "1-0"]
[ICCResult "Black forfeits on time"]
[WhiteElo "934"]
[BlackElo "440"]
[Opening "Queen's pawn game, Chigorin variation"]
[ECO "D02"]
[NIC "QP.08"]
[Time "13:15:02"]
[PlyCount "73"]
[TimeControl "1500+5"]

1. d4 d5 2. Nf3 Nc6 3. Bf4 Bf5 4. e3 a6 5. Bd3 e6 6. Nbd2 h6 7. O-O Qd7 8.
Nh4 O-O-O 9. Nxf5 exf5 10. c3 g5 11. Qc2 Nce7 12. Be5 f6 13. Bg3 h5 14. h4
Nh6 15. f3 Nc6 16. b4 Be7 17. a4 Qe6 18. Bf2 Bd6 19. b5 Ne7 20. bxa6 bxa6
21. Bxa6+ Kd7 22. Rfb1 g4 23. a5 gxf3 24. Qa4+ Nc6 25. Nxf3 Ng4 26. Bb7
Nxf2 27. Qxc6+ Ke7 28. Kxf2 Rhg8 29. Nd2 Rg3 30. Nf1 f4 31. exf4 Rg4 32.
Re1 Rxf4+ 33. Kg1 Re4 34. Rxe4 Qxe4 35. a6 Rg8 36. Ra2 Bh2+ 37. Kxh2 {
Black forfeits on time } 1-0

[Event "ICC tourney 2533 (25 5)"]
[Site "Internet Chess Club"]
[Date "2021.04.25"]
[Round "6"]
[White "OHLY, OLIVER:K09-16469982"]
[Black "MA, JUSTIN:K09-17058248"]
[Result "0-1"]
[ICCResult "White resigns"]
[WhiteElo "1525"]
[BlackElo "1111"]
[Opening "QGD Slav: 3.Nf3"]
[ECO "D11"]
[NIC "SL.01"]
[Time "13:11:04"]
[PlyCount "72"]
[TimeControl "1500+5"]

1. d4 d5 2. c4 c6 3. Nf3 Nf6 4. g3 Be6 5. cxd5 Nxd5 6. e4 Nf6 7. Nc3 g6 8.
Bg2 Bg7 9. O-O Nbd7 10. h3 Nb6 11. b3 Qd7 12. Ng5 h6 13. Nxe6 Qxe6 14. Bb2
O-O 15. Qc2 Rad8 16. Rad1 Rd7 17. Ne2 Rfd8 18. Nf4 Qd6 19. e5 Qb4 20. exf6
Bxf6 21. Ne2 Qd6 22. Rfe1 c5 23. dxc5 Qxd1 24. Rxd1 Rxd1+ 25. Kh2 R8d2 26.
Qe4 Rxb2 27. cxb6 axb6 28. Nf4 Rxf2 29. Qxb7 Rxa2 30. Nd5 Re1 31. Nxb6 Ree2
32. b4 e5 33. Nd7 Be7 34. Qc8+ Kg7 35. Qe8 Rxg2+ 36. Kh1 Rgd2 { White
resigns } 0-1

[Event "ICC tourney 2533 (25 5)"]
[Site "Internet Chess Club"]
[Date "2021.04.25"]
[Round "6"]
[White "HAMILTON, JACK:K09-16280602"]
[Black "ZHU, JENNY:K09-15942700"]
[Result "0-1"]
[ICCResult "White checkmated"]
[WhiteElo "1431"]
[BlackElo "1959"]
[Opening "Sicilian: Alapin's variation (2.c3)"]
[ECO "B22"]
[NIC "SI.46"]
[Time "13:12:11"]
[PlyCount "130"]
[TimeControl "1500+5"]

1. e4 c5 2. c3 Nf6 3. e5 Nd5 4. Nf3 e6 5. d4 cxd4 6. cxd4 d6 7. Bc4 Nc6 8.
O-O Nb6 9. Bb3 dxe5 10. dxe5 Qxd1 11. Rxd1 Bd7 12. Nc3 Rc8 13. Be3 Na5 14.
Bxb6 axb6 15. Ba4 Nc6 16. Ne4 Nxe5 17. Rxd7 Nxd7 18. Ne5 Rc7 19. Rd1 Bb4
20. Nxd7 Ke7 21. Nxb6 Rd8 22. Rxd8 Kxd8 23. g3 Ba5 24. Nd7 Rc4 25. Nec5 b6
26. Nb7+ Kc7 27. Nxa5 Rxa4 28. Nc4 Rxc4 29. Ne5 Rc1+ 30. Kg2 f6 31. Nd3 Rd1
32. Nb4 Rd2 33. b3 Kd6 34. a4 Rb2 35. Nd3 Rxb3 36. Nc1 Ra3 37. Ne2 Rxa4 38.
Nc3 Ra5 39. Ne4+ Ke5 40. Nd2 b5 41. f4+ Kd5 42. Kf3 b4 43. Ke2 Ra2 44. Kd3
Rxd2+ 45. Kxd2 Kc4 46. h3 Kb3 47. Kc1 Ka2 48. f5 exf5 49. g4 fxg4 50. h4 b3
51. h5 b2+ 52. Kd2 b1=Q 53. h6 gxh6 54. Kc3 Qd1 55. Kb4 Qc2 56. Kb5 Kb3 57.
Ka5 Kc4 58. Kb6 Kd5 59. Kb5 Qc4+ 60. Kb6 Qc5+ 61. Kb7 Kd6 62. Kb8 Qc7+ 63.
Ka8 Qd7 64. Kb8 Kc6 65. Ka8 Qb7# { White checkmated } 0-1

[Event "ICC tourney 2533 (25 5)"]
[Site "Internet Chess Club"]
[Date "2021.04.25"]
[Round "6"]
[White "NAVEEN, AARUSH:K09-16031675"]
[Black "KAPLAN, AVI:K09-15263943"]
[Result "1/2-1/2"]
[ICCResult "Game drawn because neither player has mating material"]
[WhiteElo "1686"]
[BlackElo "2116"]
[Opening "Sicilian: Najdorf, Byrne (English) attack"]
[ECO "B90"]
[NIC "SI.14"]
[Time "13:13:32"]
[PlyCount "110"]
[TimeControl "1500+5"]

1. e4 c5 2. Nf3 d6 3. d4 cxd4 4. Nxd4 Nf6 5. Nc3 a6 6. Be3 Ng4 7. Bg5 h6 8.
Bh4 g5 9. Bg3 Bg7 10. h3 Ne5 11. Nf5 Bxf5 12. exf5 Qa5 13. Qd5 Qb6 14.
O-O-O Nbc6 15. Kb1 Nd7 16. Na4 Qb4 17. Bc4 O-O 18. Bb3 Rac8 19. a3 Qb5 20.
Rhe1 Qxd5 21. Bxd5 b5 22. Bxc6 Rxc6 23. Nc3 Bxc3 24. bxc3 Nb6 25. Rxe7 Nc4
26. Ka2 Rfc8 27. Rd7 Rc5 28. Bxd6 Nxd6 29. R1xd6 Rxc3 30. Rd8+ Rxd8 31.
Rxd8+ Kg7 32. Kb2 Rc5 33. g4 Rc4 34. Rd6 Rf4 35. Rxa6 Rxf2 36. Rb6 Rh2 37.
Rxb5 Rxh3 38. c4 Rg3 39. c5 Rxg4 40. Rb4 Rg2+ 41. Kc3 Rg3+ 42. Kc4 Rxa3 43.
c6 Ra8 44. Kd5 Kf6 45. Kd6 Kxf5 46. c7 Rc8 47. Rb8 Rxc7 48. Kxc7 g4 49. Kd6
g3 50. Rf8 f6 51. Kd5 Kf4 52. Rxf6+ Ke3 53. Rxh6 g2 54. Rg6 Kf2 55. Rxg2+
Kxg2 { Game drawn because neither player has mating material } 1/2-1/2

[Event "ICC tourney 2533 (25 5)"]
[Site "Internet Chess Club"]
[Date "2021.04.25"]
[Round "6"]
[White "PAN, STEVEN:K09-15963582"]
[Black "XIAO, ALESTER:K09-16181985"]
[Result "1-0"]
[ICCResult "Black resigns"]
[WhiteElo "1456"]
[BlackElo "1055"]
[Opening "Caro-Kann defense"]
[ECO "B15"]
[NIC "CK.05"]
[Time "13:11:03"]
[PlyCount "71"]
[TimeControl "1500+5"]

1. e4 c6 2. d4 d5 3. Nc3 dxe4 4. Nxe4 Nf6 5. Ng3 Bg4 6. Be2 Bxe2 7. N1xe2
e6 8. O-O Be7 9. c4 O-O 10. Bg5 Nbd7 11. Qd3 h6 12. Bf4 Nb6 13. Rad1 Qd7
14. Be5 Rad8 15. Qc2 Rfe8 16. Nf4 Ng4 17. h3 Nxe5 18. dxe5 Qc7 19. Qc3 c5
20. b3 Qc6 21. Rd3 Bg5 22. Nfe2 Rxd3 23. Qxd3 Rd8 24. Qb1 Qc7 25. f4 Bh4
26. Ne4 f5 27. exf6 Bxf6 28. Nxf6+ gxf6 29. Qe4 Qf7 30. Rf3 Kh8 31. Rg3 Nc8
32. Nc3 Nd6 33. Qg6 Qf8 34. Rg4 Nf5 35. Ne4 Ne3 36. Nxf6 { Black resigns }
1-0

[Event "ICC tourney 2533 (25 5)"]
[Site "Internet Chess Club"]
[Date "2021.04.25"]
[Round "6"]
[White "TRAN, NUGEN:K09-16809941"]
[Black "PRANAV SOMAROUTHU, SREE:K09-16401676"]
[Result "1-0"]
[ICCResult "Black resigns"]
[WhiteElo "1350"]
[BlackElo "834"]
[Opening "QGD Slav: 4.Nc3"]
[ECO "D15"]
[NIC "SL.03"]
[Time "13:11:09"]
[PlyCount "79"]
[TimeControl "1500+5"]

1. d4 d5 2. c4 c6 3. Nc3 Nf6 4. Nf3 Bf5 5. cxd5 cxd5 6. Qb3 b6 7. Bf4 e6 8.
e3 Nbd7 9. Bb5 Be7 10. Bc6 Rc8 11. Qb5 O-O 12. O-O Nb8 13. Bb7 Rc7 14. Bxc7
Qxc7 15. Ba6 Bd6 16. Rac1 Bg4 17. h3 Bxf3 18. gxf3 Qe7 19. Qe2 Nh5 20. f4
g6 21. Bd3 Qh4 22. Qg4 Qe7 23. a3 f5 24. Qg2 Kh8 25. Nb5 Rg8 26. Kh1 g5 27.
Nxd6 Qxd6 28. fxg5 Qe7 29. h4 h6 30. Qf3 Qf7 31. Be2 Ng7 32. gxh6 Ne8 33.
Rg1 Nf6 34. Rxg8+ Qxg8 35. Rg1 Qf8 36. Qg3 Qxh6 37. Qxb8+ Kh7 38. Qc7+ Kh8
39. Qf4 Qh7 40. Bf3 { Black resigns } 1-0

[Event "ICC tourney 2533 (25 5)"]
[Site "Internet Chess Club"]
[Date "2021.04.25"]
[Round "6"]
[White "KATSMAN, DAVID:K09-14958088"]
[Black "PANDE, NAYONIKA:K09-16097936"]
[Result "0-1"]
[ICCResult "White resigns"]
[WhiteElo "1900"]
[BlackElo "1404"]
[Opening "Ruy Lopez: exchange variation, 5.O-O"]
[ECO "C68"]
[NIC "RL.08"]
[Time "13:13:05"]
[PlyCount "103"]
[TimeControl "1500+5"]

1. e4 e5 2. Nf3 Nc6 3. Bb5 a6 4. Bxc6 dxc6 5. O-O Bd6 6. d4 Bg4 7. dxe5
Bxf3 8. Qxf3 Bxe5 9. Qb3 b6 10. Nd2 Nf6 11. Nc4 Qe7 12. Nxe5 Qxe5 13. f3
O-O 14. Be3 a5 15. a4 b5 16. c3 bxa4 17. Qxa4 Qb5 18. Qc2 a4 19. Bd4 Nd7
20. Rfd1 Rfb8 21. c4 Qb3 22. Qe2 c5 23. Ra3 Qb6 24. Bxg7 Kxg7 25. Rxd7 Qxb2
26. Qxb2+ Rxb2 27. Rd5 Rb3 28. Ra1 a3 29. Rg5+ Kf6 30. Rxc5 a2 31. Rb5 Rxb5
32. cxb5 Ke5 33. Kf2 Kd4 34. e5 Kc3 35. f4 Kb2 36. Rxa2+ Rxa2 37. f5 Kc3+
38. Ke3 Rxg2 39. e6 fxe6 40. f6 Rg6 41. h4 Rxf6 42. b6 cxb6 43. h5 b5 44.
h6 Rxh6 45. Ke2 Rh3 46. Kf2 b4 47. Kg2 Rd3 48. Kf2 b3 49. Ke2 b2 50. Kf2
b1=Q 51. Ke2 Qc2+ 52. Ke1 { White resigns } 0-1

[Event "ICC tourney 2533 (25 5)"]
[Site "Internet Chess Club"]
[Date "2021.04.25"]
[Round "6"]
[White "KINI, SIDDHARTH:K09-15628986"]
[Black "PENCILLE, JONLUKE:K09-15351837"]
[Result "0-1"]
[ICCResult "White checkmated"]
[WhiteElo "683"]
[BlackElo "1106"]
[Opening "Vienna gambit: Paulsen attack"]
[ECO "C29"]
[NIC "VG.03"]
[Time "13:09:51"]
[PlyCount "156"]
[TimeControl "1500+5"]

1. e4 e5 2. Nc3 Nf6 3. f4 d5 4. fxe5 Nxe4 5. Qf3 Nc6 6. Bb5 Nxc3 7. dxc3
Be7 8. Ne2 O-O 9. Bxc6 bxc6 10. O-O Ba6 11. Rd1 Bc5+ 12. Be3 Bxe3+ 13. Qxe3
Re8 14. Nd4 f6 15. Nxc6 Qd7 16. Nb4 Bb7 17. Nd3 fxe5 18. Re1 e4 19. Nf2 Qd6
20. Rad1 c5 21. a3 Rad8 22. b4 d4 23. Qg3 Qxg3 24. hxg3 e3 25. Nd3 cxb4 26.
Nxb4 dxc3 27. Rxd8 Rxd8 28. Rxe3 Rd1+ 29. Kh2 Rd2 30. Rxc3 Rxg2+ 31. Kh3
Rg1 32. g4 Rh1+ 33. Kg3 Ra1 34. Kf4 a5 35. Nd3 Rf1+ 36. Ke5 Rf3 37. Rc7 Ba6
38. Ke4 Rf7 39. Rxf7 Kxf7 40. Ne5+ Ke6 41. c4 Bb7+ 42. Kd4 Kd6 43. c5+ Kc7
44. Nc4 Bf3 45. g5 h6 46. gxh6 gxh6 47. Nxa5 h5 48. Nb3 h4 49. Nd2 Bb7 50.
a4 h3 51. Nf1 Bg2 52. Ng3 Kd7 53. Ke3 h2 54. a5 Kc6 55. Kf2 Bd5 56. Ke3
Kxc5 57. Kd3 Kb5 58. Kd4 Ba8 59. Kc3 Kxa5 60. Kb3 Kb5 61. Kc3 Kc5 62. Kd3
Kd5 63. Ke3 Ke5 64. Kf2 Kf4 65. Ne2+ Kg4 66. Ng3 Bb7 67. Nh1 Bxh1 68. Ke2
Bf3+ 69. Ke3 h1=Q 70. Kd3 Be2+ 71. Kxe2 Qf3+ 72. Kd2 Kf4 73. Kc2 Ke4 74.
Kd2 Qd3+ 75. Kc1 Qe2 76. Kb1 Kd3 77. Ka1 Kc3 78. Kb1 Qb2# { White
checkmated } 0-1

[Event "ICC tourney 2533 (25 5)"]
[Site "Internet Chess Club"]
[Date "2021.04.25"]
[Round "6"]
[White "LIU, BOWEN:K09-15459900"]
[Black "CHUGH, AARUSH:K09-14970943"]
[Result "0-1"]
[ICCResult "White forfeits on time"]
[WhiteElo "1941"]
[BlackElo "1500"]
[Opening "Giuoco Piano"]
[ECO "C50"]
[NIC "IG.02"]
[Time "13:10:19"]
[PlyCount "88"]
[TimeControl "1500+5"]

1. e4 e5 2. Nf3 Nc6 3. Bc4 Bc5 4. O-O Nf6 5. d3 d6 6. c3 Bg4 7. Nbd2 O-O 8.
Re1 Re8 9. b4 Bb6 10. Qb3 Rf8 11. h3 Bh5 12. g4 Nxg4 13. hxg4 Bxg4 14. Kg2
Qf6 15. Rh1 Ne7 16. Bb2 Ng6 17. d4 Nf4+ 18. Kf1 Rae8 19. dxe5 dxe5 20. Be2
Rd8 21. Rd1 Nxe2 22. Kxe2 Rxd2+ 23. Kxd2 Bxf3 24. Rhf1 Bxd1 25. Kxd1 Qf3+
26. Kc1 Qxe4 27. c4 Qf4+ 28. Kb1 Bd4 29. Bxd4 Qxd4 30. Qc2 Rd8 31. Re1 f6
32. Rh1 Qd3 33. Qxd3 Rxd3 34. Kc2 Rf3 35. Rh2 h6 36. a4 Ra3 37. a5 Kf7 38.
Kb2 Rf3 39. b5 Rf4 40. Kb3 Ke6 41. Kb4 Rd4 42. Rg2 g5 43. f3 h5 44. Kc5 h4
{ White forfeits on time } 0-1

[Event "ICC tourney 2533 (25 5)"]
[Site "Internet Chess Club"]
[Date "2021.04.25"]
[Round "6"]
[White "KAUR, ARADH:K09-15085398"]
[Black "KALIKIRI, SAKETH:K09-15532792"]
[Result "0-1"]
[ICCResult "White checkmated"]
[WhiteElo "1706"]
[BlackElo "1181"]
[Opening "Scotch: Schmidt variation"]
[ECO "C45"]
[NIC "SO.04"]
[Time "13:10:29"]
[PlyCount "168"]
[TimeControl "1500+5"]

1. e4 e5 2. Nf3 Nc6 3. d4 exd4 4. Nxd4 Nf6 5. Nc3 Bb4 6. Nxc6 bxc6 7. Bd3
Qe7 8. O-O O-O 9. Bg5 h6 10. Bh4 d6 11. a3 Bxc3 12. bxc3 Re8 13. Re1 Qe5
14. Qd2 c5 15. f4 Qe6 16. e5 dxe5 17. Rxe5 Qb6 18. Bxf6 Rxe5 19. Bxe5 c4+
20. Bd4 c5 21. Be4 Bb7 22. Bxb7 Rd8 23. Bxc5 Qxc5+ 24. Qf2 Qa5 25. Qe3 g6
26. Bf3 Rc8 27. Qe5 Rc5 28. Qd4 Rc8 29. Qe5 Rc5 30. Qb8+ Kg7 31. Qb4 Qc7
32. Re1 a5 33. Qb7 Qxf4 34. Qe4 Qc7 35. Qd4+ f6 36. Re6 Rf5 37. Rc6 Qe7 38.
Qxc4 Qe1+ 39. Qf1 Qe3+ 40. Qf2 Qc1+ 41. Qf1 Qe3+ 42. Kh1 h5 43. Qg1 Rxf3
44. Rc7+ Kh6 45. Rc5 Rf2 46. Rb5 Qf4 47. Rb1 Rxc2 48. Rf1 Qe5 49. Qb6 Rxc3
50. h3 Rxa3 51. Qxf6 Qxf6 52. Rxf6 Kg5 53. Ra6 Kf5 54. Kh2 g5 55. Rb6 Re3
56. Kg1 a4 57. Rb5+ Kf4 58. Rb2 a3 59. Ra2 Kg3 60. Kf1 Kf4 61. Kf2 Ke4 62.
Kf1 Rb3 63. Ke1 Rb1+ 64. Kd2 Rb2+ 65. Rxb2 axb2 66. Kc2 Ke3 67. Kxb2 Kf2
68. Kc2 Kxg2 69. Kd2 Kxh3 70. Ke2 Kg2 71. Ke1 h4 72. Ke2 h3 73. Ke1 h2 74.
Ke2 h1=Q 75. Ke3 Qh4 76. Ke2 Qe4+ 77. Kd2 Kf2 78. Kc3 Ke3 79. Kb3 Qd4 80.
Kc2 Qd3+ 81. Kb2 Kd2 82. Ka1 Qb5 83. Ka2 Kc2 84. Ka3 Qb3# { White
checkmated } 0-1

[Event "ICC tourney 2533 (25 5)"]
[Site "Internet Chess Club"]
[Date "2021.04.25"]
[Round "6"]
[White "KONSTANTAKOS, CHRISTOS:K09-17130487"]
[Black "P CHABUKSWAR, VED:K09-17181828"]
[Result "0-1"]
[ICCResult "White forfeits on time"]
[WhiteElo "1447"]
[BlackElo "1046"]
[Opening "Nimzo-Indian: 4.e3"]
[ECO "E40"]
[NIC "NI.17"]
[Time "13:10:49"]
[PlyCount "144"]
[TimeControl "1500+5"]

1. d4 Nf6 2. c4 e6 3. Nc3 Bb4 4. e3 d5 5. Nf3 Nbd7 6. Be2 O-O 7. O-O Bxc3
8. bxc3 b6 9. Ba3 Re8 10. cxd5 exd5 11. Bb5 a6 12. Bc6 Rb8 13. Ne5 Re6 14.
Bxd7 Bxd7 15. c4 dxc4 16. Nxc4 Bb5 17. Qb3 Rc6 18. Ne5 Re6 19. Rfd1 Qd5 20.
Qc2 Rc8 21. f3 Nd7 22. e4 Qb7 23. Nxd7 Bxd7 24. d5 Ree8 25. Bb2 f6 26. f4
Bb5 27. Kh1 Rcd8 28. Re1 Kh8 29. a4 Bd7 30. Qc3 Re7 31. Rad1 b5 32. Ba3
Ree8 33. a5 Rb8 34. Bb4 Rbd8 35. Rc1 Rc8 36. Qd4 Rcd8 37. Qc5 Rc8 38. e5
fxe5 39. fxe5 Bf5 40. Rcd1 Bg4 41. Rd3 Bf5 42. Rd2 Rcd8 43. h3 h6 44. Rdd1
Bg6 45. d6 cxd6 46. Rxd6 Rxd6 47. Qxd6 Be4 48. Re2 Qd5 49. Qxd5 Bxd5 50.
Kg1 Kh7 51. Kf2 Kg6 52. Bd6 Kf5 53. Ke3 Rc8 54. Rf2+ Ke6 55. g4 Rc4 56. Rf8
Rc3+ 57. Kd4 Rc4+ 58. Ke3 Ra4 59. Rc8 Rxa5 60. Rc7 Ra3+ 61. Kd2 Bg2 62.
Bxa3 Bxh3 63. Re7+ Kd5 64. Bb2 Bxg4 65. Rxg7 h5 66. Ra7 Bc8 67. Rh7 Bg4 68.
Rh6 a5 69. Rd6+ Kc5 70. Rd4 b4 71. Re4 Kd5 72. Re3 h4 { White forfeits on
time } 0-1

[Event "ICC tourney 2533 (25 5)"]
[Site "Internet Chess Club"]
[Date "2021.04.25"]
[Round "6"]
[White "RAJARAM, ANIKA:K09-15446678"]
[Black "R MEDINA, GAEL:K09-15685876"]
[Result "1-0"]
[ICCResult "Black forfeits on time"]
[WhiteElo "1858"]
[BlackElo "1429"]
[Opening "Queen's gambit declined"]
[ECO "D30"]
[NIC "QP.08"]
[Time "13:12:29"]
[PlyCount "117"]
[TimeControl "1500+5"]

1. d4 d5 2. c4 e6 3. Nf3 c5 4. cxd5 exd5 5. g3 Nc6 6. Bg2 Be7 7. O-O Nf6 8.
dxc5 Bxc5 9. Nc3 O-O 10. Bg5 d4 11. Ne4 Be7 12. Bxf6 Bxf6 13. Qd2 Re8 14.
Nxf6+ Qxf6 15. Rfd1 Bg4 16. Nxd4 Nxd4 17. Qxd4 Qxd4 18. Rxd4 Bxe2 19. Bxb7
Rab8 20. Bc6 Rec8 21. Bd7 Rd8 22. b3 h5 23. Re4 Bd3 24. Rd4 Be2 25. h3 Bf3
26. Rf4 Rxd7 27. Rxf3 Rd2 28. Rf5 g6 29. Ra5 Rb7 30. Kg2 Re7 31. Rf1 Rb2
32. Ra4 Kg7 33. Kf3 Rd2 34. Ra6 Rd3+ 35. Kg2 Rd2 36. a3 Rb2 37. b4 Rc7 38.
Ra5 Kf6 39. b5 Ra2 40. a4 Rc4 41. Rxa7 Raxa4 42. Rxa4 Rxa4 43. Rb1 Ra7 44.
b6 Rb7 45. Kf3 Ke5 46. Ke3 Kd5 47. Kf4 f6 48. g4 hxg4 49. Kxg4 Kc6 50. f4
Kd6 51. f5 g5 52. Kh5 Ke7 53. Kg6 Rb8 54. Kg7 Rb7 55. Kg6 Rb8 56. b7 Rg8+
57. Kh7 Rb8 58. Rb6 Kf7 59. Rb5 { Black forfeits on time } 1-0

[Event "ICC tourney 2533 (25 5)"]
[Site "Internet Chess Club"]
[Date "2021.04.25"]
[Round "6"]
[White "DONOFRIO, LUKE:K09-15346692"]
[Black "SILVA, JAVIER:K09-16089208"]
[Result "0-1"]
[ICCResult "White checkmated"]
[WhiteElo "1451"]
[BlackElo "1889"]
[Opening "Caro-Kann defense"]
[ECO "B10"]
[NIC "CK.01"]
[Time "13:09:55"]
[PlyCount "122"]
[TimeControl "1500+5"]

1. e4 c6 2. Nf3 d5 3. exd5 cxd5 4. d4 Nc6 5. Nc3 Nf6 6. Bg5 e6 7. Bb5 Bd7
8. Qe2 Be7 9. Bxf6 Bxf6 10. Nxd5 Bxd4 11. O-O-O O-O 12. Nxd4 exd5 13. Bxc6
Bxc6 14. Nf5 Qg5+ 15. Ne3 Rfe8 16. Qd2 Rad8 17. h4 Qf6 18. Ng4 Qe6 19. f3
d4 20. b3 Bb5 21. Rhe1 Be2 22. Qg5 h6 23. Qa5 f5 24. Rd2 Qa6 25. Qxa6 Bxa6
26. Rxe8+ Rxe8 27. Nf2 Re1+ 28. Kb2 Re2 29. Rxe2 Bxe2 30. Nd3 Bxd3 31. cxd3
b5 32. f4 Kf7 33. h5 g6 34. b4 gxh5 35. Kc2 Kg6 36. Kd2 h4 37. Ke2 Kf6 38.
Kf3 Kg6 39. Kf2 Kf6 40. Kf3 Kg7 41. Ke2 Kg6 42. Kf3 Kh5 43. a3 a6 44. Kf2
Kg4 45. Kf1 Kxf4 46. Kf2 Kg4 47. Kf1 h3 48. gxh3+ Kxh3 49. Kf2 Kg4 50. Ke2
f4 51. Kf2 f3 52. Kf1 Kg3 53. a4 bxa4 54. b5 axb5 55. Kg1 a3 56. Kf1 a2 57.
Ke1 a1=Q+ 58. Kd2 Qc3+ 59. Kd1 f2 60. Ke2 Qc2+ 61. Kf1 Qxd3# { White
checkmated } 0-1

[Event "ICC tourney 2533 (25 5)"]
[Site "Internet Chess Club"]
[Date "2021.04.25"]
[Round "6"]
[White "GU LIN, BENJAMIN:K09-15976160"]
[Black "LEDDY, GRADY:K09-16041431"]
[Result "0-1"]
[ICCResult "White forfeits on time"]
[WhiteElo "1496"]
[BlackElo "1091"]
[Opening "Giuoco Piano"]
[ECO "C54"]
[NIC "IG.02"]
[Time "13:11:38"]
[PlyCount "54"]
[TimeControl "1500+5"]

1. e4 e5 2. Nf3 Nc6 3. Bc4 Bc5 4. c3 Nf6 5. d3 d6 6. Nbd2 O-O 7. O-O Bg4 8.
b4 Bb6 9. a4 a5 10. b5 Ne7 11. Qc2 d5 12. exd5 Nexd5 13. Nxe5 Bf5 14. Nb3
Ng4 15. Nxg4 Bxg4 16. Ba3 Re8 17. Rae1 Rxe1 18. Rxe1 Nf4 19. Be7 Qd7 20.
Bh4 Bf3 21. Re7 Qg4 22. Bg3 Ne2+ 23. Kf1 Nxg3+ 24. hxg3 Kh8 25. gxf3 Qxf3
26. Rxf7 Qh1+ 27. Ke2 Re8+ { White forfeits on time } 0-1

[Event "ICC tourney 2533 (25 5)"]
[Site "Internet Chess Club"]
[Date "2021.04.25"]
[Round "6"]
[White "MENON, GAURI:K09-15187152"]
[Black "RAJIV MUNDAYAT, ABINAV:K09-15264747"]
[Result "0-1"]
[ICCResult "White forfeits on time"]
[WhiteElo "1960"]
[BlackElo "2090"]
[Opening "QGD: Tartakower (Makagonov-Bondarevsky) system"]
[ECO "D58"]
[NIC "QO.10"]
[Time "13:10:07"]
[PlyCount "56"]
[TimeControl "1500+5"]

1. Nf3 d5 2. c4 e6 3. d4 Nf6 4. Nc3 Be7 5. Bg5 O-O 6. e3 h6 7. Bh4 b6 8.
cxd5 exd5 9. Be2 Bb7 10. O-O Nbd7 11. Rc1 c5 12. dxc5 bxc5 13. Qb3 Qb6 14.
Bb5 c4 15. Qd1 Nc5 16. Ne5 Rfd8 17. Ba4 Qxb2 18. Bc6 Rac8 19. Bxb7 Qxb7 20.
Rb1 Qa8 21. Nb5 Nce4 22. f3 c3 23. Rc1 Nd2 24. Rf2 Qb8 25. Nxc3 Qxe5 26.
Qxd2 d4 27. Nd1 dxe3 28. Qxe3 Qxe3 { White forfeits on time } 0-1

[Event "ICC tourney 2533 (25 5)"]
[Site "Internet Chess Club"]
[Date "2021.04.25"]
[Round "6"]
[White "LI, EMMA:K09-16538490"]
[Black "VIJAY HIMAGHNA SISTA, SAI:K09-17280467"]
[Result "1-0"]
[ICCResult "Black resigns"]
[WhiteElo "1342"]
[BlackElo "435"]
[Opening "Sicilian: accelerated fianchetto, modern variation"]
[ECO "B34"]
[NIC "SI.33"]
[Time "13:12:56"]
[PlyCount "145"]
[TimeControl "1500+5"]

1. e4 c5 2. Nf3 Nc6 3. d4 cxd4 4. Nxd4 g6 5. Nc3 Bg7 6. Be3 Nf6 7. f3 d5 8.
Bb5 Bd7 9. Nxd5 Nxd5 10. exd5 Nxd4 11. Bxd7+ Qxd7 12. Bxd4 Bxd4 13. Qxd4
O-O 14. O-O-O Qf5 15. h4 Rfd8 16. Qe4 Qf6 17. h5 Rac8 18. hxg6 fxg6 19. Qh4
Qg7 20. Rhe1 Qf6 21. Qxf6 exf6 22. Re7 Rb8 23. Rd3 a6 24. Rc3 Rxd5 25. Rcc7
Rh5 26. b3 b6 27. a4 b5 28. a5 b4 29. Ra7 Rxa5 30. Rg7+ Kf8 31. Rxh7 Rh5
32. Rhf7+ Kg8 33. Rxf6 a5 34. Rxg6+ Kh8 35. Rga6 Rbb5 36. Rc6 Rbc5 37. Rxc5
Rxc5 38. g4 Rc3 39. f4 Rf3 40. f5 Rf4 41. Rxa5 Rxg4 42. Rb5 Kg7 43. Kd2 Kf6
44. Kd3 Rf4 45. Ke3 Rh4 46. Rc5 Rg4 47. Rc4 Rg3+ 48. Kd4 Rg4+ 49. Kc5 Rg5
50. Kxb4 Rxf5 51. Rc5 Rf4+ 52. Kb5 Ke6 53. c4 Kd6 54. b4 Re4 55. Kb6 Kd7
56. Rc7+ Kd6 57. c5+ Ke6 58. b5 Re5 59. Kc6 Rd5 60. b6 Rd8 61. b7 Rb8 62.
Rc8 Rxb7 63. Kxb7 Kd7 64. c6+ Ke7 65. Kc7 Kf7 66. Kd7 Kg7 67. Ke7 Kh7 68.
Kf7 Kh6 69. Rg8 Kh7 70. Rg1 Kh6 71. c7 Kh5 72. Kf6 Kh4 73. c8=R { Black
resigns } 1-0

[Event "ICC tourney 2533 (25 5)"]
[Site "Internet Chess Club"]
[Date "2021.04.25"]
[Round "6"]
[White "COLOMBO, DOMINIC:K09-14933967"]
[Black "MERRILL, SYLVIA:K09-15066418"]
[Result "1-0"]
[ICCResult "Black checkmated"]
[WhiteElo "1960"]
[BlackElo "1540"]
[Opening "Sicilian: dragon, Yugoslav attack, Rauser variation"]
[ECO "B76"]
[NIC "SI.17"]
[Time "13:12:07"]
[PlyCount "189"]
[TimeControl "1500+5"]

1. e4 c5 2. Nf3 d6 3. d4 cxd4 4. Nxd4 Nf6 5. Nc3 g6 6. Be3 Bg7 7. f3 O-O 8.
Qd2 Nc6 9. O-O-O d5 10. Qe1 Qa5 11. Nxc6 bxc6 12. Nxd5 Qxa2 13. Nxe7+ Kh8
14. Nxc6 Nxe4 15. c3 Qa1+ 16. Kc2 Qa4+ 17. Kc1 Nxc3 18. bxc3 Qxc6 19. Bd4
Bf5 20. Bxg7+ Kxg7 21. Qe5+ Kg8 22. Bb5 Qe6 23. Qxe6 Bxe6 24. Bd7 Bxd7 25.
Rxd7 Rfd8 26. Rhd1 Rxd7 27. Rxd7 a5 28. Kb2 Kf8 29. Rc7 Re8 30. g4 Re2+ 31.
Kb3 Rxh2 32. Rc4 Rh3 33. f4 Rg3 34. g5 Rg1 35. Ka4 Ra1+ 36. Kb5 Ke7 37. Ra4
Rc1 38. c4 Rf1 39. c5 Kd7 40. Kxa5 Kc6 41. Rc4 Ra1+ 42. Kb4 Rb1+ 43. Kc3
Rb5 44. Kd4 Ra5 45. Rc3 Ra4+ 46. Rc4 Ra5 47. Rc3 Ra1 48. Rb3 Rd1+ 49. Ke5
Rd5+ 50. Ke4 Rxc5 51. Rh3 Rc4+ 52. Ke5 Rc5+ 53. Ke4 Kd6 54. Rxh7 Rc4+ 55.
Kf3 Ke6 56. Rh1 Kf5 57. Rh4 Re4 58. Kg3 Re3+ 59. Kf2 Ra3 60. Kg2 Ra2+ 61.
Kg3 Ra1 62. Rh7 Ra3+ 63. Kg2 Kxf4 64. Rxf7+ Kxg5 65. Rf2 Kg4 66. Rb2 Rg3+
67. Kh2 Rh3+ 68. Kg2 Rg3+ 69. Kh2 Rf3 70. Kg2 g5 71. Ra2 Kh4 72. Kxf3 g4+
73. Kg2 g3 74. Ra4+ Kg5 75. Kxg3 Kf5 76. Kf3 Ke5 77. Ke3 Kd5 78. Rh4 Ke5
79. Rh5+ Kd6 80. Kd4 Ke6 81. Ra5 Kd6 82. Ra6+ Kc7 83. Kc5 Kd7 84. Kd5 Kc7
85. Rh6 Kb7 86. Kc5 Ka7 87. Kb5 Kb7 88. Rh7+ Kc8 89. Kc6 Kd8 90. Ra7 Ke8
91. Kd6 Kf8 92. Ke6 Kg8 93. Kf6 Kh8 94. Kg6 Kg8 95. Ra8# { Black checkmated
} 1-0

[Event "ICC tourney 2533 (25 5)"]
[Site "Internet Chess Club"]
[Date "2021.04.25"]
[Round "6"]
[White "KE, RIANNE:K09-15179208"]
[Black "ALSANDAIR MCQUILLIN, DANIL:K09-15050406"]
[Result "1/2-1/2"]
[ICCResult "Game drawn by mutual agreement"]
[WhiteElo "2020"]
[BlackElo "1193"]
[Opening "Ruy Lopez: fianchetto (Smyslov/Barnes) defense"]
[ECO "C60"]
[NIC "RL.03"]
[Time "13:09:45"]
[PlyCount "118"]
[TimeControl "1500+5"]

1. e4 e5 2. Nf3 Nc6 3. Bb5 g6 4. O-O Bg7 5. c3 Nge7 6. d4 exd4 7. cxd4 d5
8. e5 O-O 9. Nc3 Bg4 10. Be2 f6 11. h3 Bxf3 12. Bxf3 fxe5 13. dxe5 Nxe5 14.
Bxd5+ Nxd5 15. Qxd5+ Qxd5 16. Nxd5 c6 17. Nc7 Rac8 18. Ne6 Rfe8 19. Nxg7
Kxg7 20. Be3 c5 21. Rac1 b6 22. Rfd1 Nc6 23. Rd7+ Re7 24. Rcd1 Rc7 25. R7d6
Ne5 26. Bg5 Rf7 27. b3 Rcd7 28. Bc1 Rxd6 29. Rxd6 Rd7 30. Rxd7+ Nxd7 31. f4
Kf7 32. Kf2 Ke6 33. Ke3 Kd5 34. Bb2 b5 35. g4 Nb6 36. f5 gxf5 37. gxf5 c4
38. Bd4 Nc8 39. f6 Ke6 40. bxc4 bxc4 41. a4 a6 42. h4 Nd6 43. Kf4 Ne8 44.
Kg5 Nc7 45. Kh6 Kf7 46. Kxh7 Ne6 47. Be5 Nc5 48. Kh6 Nxa4 49. Kg5 c3 50. h5
c2 51. Bf4 Nc3 52. h6 Ne4+ 53. Kf5 Nxf6 54. Bd2 a5 55. Bc1 a4 56. Bb2 Nh7
57. Bc1 Nf6 58. Bb2 Nh7 59. Ba3 Nf6 { Game drawn by mutual agreement }
1/2-1/2